 Dungeon Crawl Stone Soup version 0.32-a0-128-g77eb882913 (webtiles) character file.

Game seed: 2353522754311111668

39454 Ge0ff the Fighter (level 13, 0/107 HPs)
             Began as a Mummy Reaver on Feb 8, 2024.
             Was an Initiate of Yredelemnul.
             Slain by a skyshark (16 damage)
             ... on level 4 of the Lair of Beasts.
             The game lasted 00:40:00 (18452 turns).

Ge0ff the Fighter (Mummy Reaver)                   Turns: 18452, Time: 00:40:01

Health: 0/107      AC: 14    Str: 16    XL:     13   Next: 69%
Magic:  20/20      EV:  9    Int: 12    God:    Yredelemnul [......]
Gold:   1371       SH: 11    Dex: 21    Spells: 16/17 levels left

rFire   . . .        a - +1 short sword (distort)
rCold   + . .        w - +0 kite shield
rNeg    + + +        X - +0 chain mail
rPois   ∞            R - +0 helmet
rElec   .            I - +0 cloak
rCorr   .            (no gloves)
SInv    .            Q - +0 pair of boots {rampage}
Will    .....        (no amulet) Stlth
                     N - +6 ring of dexterity
HPRegen 0.37/turn    L - ring of protection from fire {=R}
MPRegen 0.17/turn

%: rampage, faith
@: weak-willed, marked
A: cold resistance 1, negative energy resistance 3, torment resistance 2, heat
vulnerability 1, in touch with death 2, no potions, faith
a: Renounce Religion, Recall Undead Harvest


You were on level 4 of the Lair of Beasts.
You worshipped Yredelemnul.
Yredelemnul was aware of your devotion.
You visited 3 branches of the dungeon, and saw 16 of its levels.
You also visited: Bailey.

You collected 1371 gold pieces.

Inventory:

Hand Weapons
 a - a +1 short sword of distortion (weapon)
 j - the +7 shortbow "Ishroila" {antimagic, ^Fragile rPois rC- Str+8}
   (You found it on level 2 of the Lair of Beasts)

   Str+8:     It affects your strength (+8).
   rC-:       It makes you vulnerable to cold.
   rPois:     It protects you from poison ^Fragile: It will be destroyed if
   unequipped.
 k - a +1 morningstar of flaming
 l - a +1 vampiric spear
 o - a +2 trident of draining
 p - a +4 dagger
 x - a +1 spear of venom
 J - a +2 dagger of electrocution
 W - a +2 dagger of venom
 Y - a +2 sling of draining
 Z - the +1 dagger of Saruxav {spect, Will++ Int-4 Dex+6}
   (You found it in a bailey)

   Int-4:     It affects your intelligence (-4).
   Dex+6:     It affects your dexterity (+6).
   Will++:    It greatly increases your willpower.
Missiles
 g - a throwing net {=F}
 q - 124 stones
 v - a curare-tipped dart {=F}
 D - 63 poisoned darts
 G - 8 javelins
 K - 26 boomerangs (quivered)
 P - 11 atropa-tipped darts
Armour
 u - an orb of guile
 w - a +0 kite shield (worn)
 I - a +0 cloak (worn)
 M - a +0 buckler
 Q - a +0 pair of boots of rampaging (worn)
 R - a +0 helmet (worn)
 S - the +2 pair of boots of Urahot {Harm rN+ Str-5}
   (You found it in a bailey)

   Str-5:     It affects your strength (-5).
   rN+:       It protects you from negative energy.
   Harm:      It increases damage dealt and taken.
 X - a +0 chain mail (worn)
Magical Staves
 d - a staff of air
Jewellery
 b - a ring of willpower
 n - a ring of see invisible
 t - a ring of magical power
 z - a ring of wizardry
 A - a ring of flight
 H - a +6 ring of strength
 L - a ring of protection from fire (right hand) {=R}
 N - a +6 ring of dexterity (left hand)
Wands
 e - a wand of charming (8)
 f - a wand of flame (5)
 s - a wand of mindburst (8)
Scrolls
 c - 2 scrolls of amnesia
 h - a scroll of torment
 i - 2 scrolls of identify
 m - a scroll of revelation
 E - a scroll of fear
 F - a scroll of fog
 O - 2 scrolls of brand weapon
 T - 6 scrolls of teleportation
 V - a scroll of vulnerability
Miscellaneous
 U - a phantom mirror (inert)


   Skills:
 + Level 11.8 Fighting
 - Level 10.0 Short Blades
 - Level 3.0 Polearms
 - Level 2.0 Throwing
 - Level 7.0 Armour
 - Level 5.0 Dodging
 + Level 6.1 Shields
 - Level 2.6 Spellcasting
 - Level 2.4 Conjurations
 + Level 10.5 Invocations
 - Level 3.0 Evocations


You had 16 spell levels left.
You knew the following spells:

 Your Spells              Type           Power      Damage    Failure   Level
E - Kiss of Death         Conj/Necr      40%        2d8       98%         1

Your spell library contained the following spells:

 Spells                   Type           Power      Damage    Failure   Level
 Magic Dart               Conj           28%        1d4       93%         1
 Necrotise                Necr           12%        1d4       99%         1
 Summon Small Mammal      Summ           4%         N/A       99%         1
 Momentum Strike          Conj/Tloc      8%         3d8       99%         2
 Blink                    Tloc           2%         N/A       100%        2
 Call Imp                 Summ           2%         N/A       100%        2
 Ensorcelled Hibernation  Hex/Ice        2%         N/A       100%        2
 Lesser Beckoning         Tloc           2%         N/A       100%        2
 Mercury Vapours          Alch/Air       2%         N/A       100%        2
 Call Canine Familiar     Summ           1%         N/A       100%        3
 Dazzling Flash           Conj/Hex       8%         N/A       100%        3
 Fugue of the Fallen      Necr           3%         N/A       100%        3
 Gell's Gravitas          Tloc           1%         N/A       100%        3
 Hailstorm                Conj/Ice       4%         3d5       100%        3
 Mephitic Cloud           Conj/Alch/Air  3%         N/A       100%        3
 Stone Arrow              Conj/Erth      8%         3d7       100%        3
 Teleport Other           Tloc           1%         N/A       100%        3
 Vampiric Draining        Necr           3%         2d6       100%        3
 Anguish                  Hex/Necr       1%         N/A       100%        4
 Animate Armour           Summ/Erth      2%         N/A       100%        4
 Brom's Barrelling Bould  Conj/Erth      4%         2d3       100%        4
 Martyr's Knell           Necr/Summ      3%         N/A       100%        4
 Summon Blazeheart Golem  Fire/Summ      1%         N/A       100%        4
 Curse of Agony           Necr           3%         N/A       100%        5
 Fireball                 Conj/Fire      2%         3d4       100%        5
 Freezing Cloud           Conj/Ice/Air   1%         6-21      100%        5
 Iskenderun's Battlesphe  Conj           7%         2d6       100%        5
 Silence                  Hex/Air        0%         N/A       100%        5
 Conjure Ball Lightning   Conj/Air       2%         3x3d6     100%        6
 Orb of Destruction       Conj           3%         9d5       100%        7
 Lehudib's Crystal Spear  Conj/Erth      2%         10d2      100%        8


Dungeon Overview and Level Annotations

Branches:
Dungeon (11/15) Zot: 25389  Temple (1/1) D:6 Zot: 5990    Lair (4/5) D:11 Zot: 20102
  Swamp (0/4) Lair:2        Snake (0/4) Lair:3          Orc (0/2) D:11
 Bailey (visited)
  Slime: Lair:4-5

Altars:
Ashenzari
Cheibriados
Dithmenos
Fedhas
Gozag
Hepliaklqana
Kikubaaqudgha
Makhleb
Nemelex Xobeh
Okawaru
Qazlal
Ru
Sif Muna
Trog
Uskayaw
Vehumet
Wu Jian
Xom
Yredelemnul

Shops:
D:11 (

Annotations:
Abyss:1 Menkaure, Pikel


Innate Abilities, Weirdness & Mutations

You are immune to poison.
Your flesh is cold resistant. (rC+)
You are immune to negative energy. (rN+++)
You are immune to unholy pain and torment.
You are vulnerable to heat. (rF-)
You are strongly in touch with the powers of death.
You do not drink.
You have a special connection with the divine. (Faith)


Message History

The skyshark is almost dead.
The grasping roots constrict the blink frog!
The grasping roots constrict the skyshark.
The roots release their grip on the skyshark.
The blink frog struggles to blink free from constriction.
The skyshark barely misses you. The skyshark tail-slaps you.
* * * LOW HITPOINT WARNING * * *
The skyshark tail-slaps you.
* * * LOW HITPOINT WARNING * * *
Blink to where?
Press: ? - help, Dir - move target The roots lose their grip on something. 3 yaks and an elephant come into view.
As you read the scroll of blinking, it crumbles to dust.
Aiming: Fastroot
Press: ? - help, Shift-Dir - straight line, f - skyshark
Aim: a skyshark (almost dead, berserk)
The roots erupt in riotous growth!
Roots grab the skyshark.
The grasping roots constrict the skyshark.
The skyshark struggles to escape constriction.
A yak comes into view. x3
The skyshark rages.
The skyshark struggles to escape constriction.
The grasping roots constrict the skyshark!
The roots release their grip on the skyshark.
An elephant comes into view.
Aiming: Fastroot
Press: ? - help, Shift-Dir - straight line, f/p - skyshark
Aim: a skyshark (almost dead, berserk)
The roots erupt in riotous growth!
Roots grab the skyshark.
Roots grab the blink frog.
The now-empty wand crumbles to dust.
The grasping roots constrict the blink frog.
The grasping roots constrict the skyshark.
The skyshark struggles to escape constriction.
A yak comes into view.
The skyshark escapes!
A bullfrog comes into view.
The blink frog escapes!
Aiming: Charm
Press: ? - help, Shift-Dir - straight line, f/p - skyshark
Aim: a skyshark (almost dead, berserk, chance to affect: 38%)
Okay, then.
As you read the scroll of vulnerability, it crumbles to dust.
A wave of despondency washes over your surroundings.
An elephant comes into view.
The skyshark bites you!
You die...
You join the legions of the undead harvest.

...Y..... ## .Y......#
~## #.YY..... ..##
#....Y..### ...#
..##...Y#....#
..~##.............#
~..~.#...#.Y.YY...#
#...~#..##Y...!F@#.
~#.~##....F....F......#
#...##..##........#.....
#...##..##......#P# ###.
#..##...##...######
F..#...##..<..#
..#........<..#
.#.....#...>.##
......##......#


You could see a skyshark (berserk, weak-willed), 3 elephants, 6 yaks, a blink
frog (weak-willed) and a bullfrog (weak-willed).

Vanquished Creatures
  A hydra (Lair:3)
  An anaconda (Lair:3)
  6 two-headed ogres (D:11)
  A boulder beetle (D:11)
  2 death yaks (Lair:3)
  A skyshark (Lair:4)
  Amaemon (Lair:1)
  A manticore (D:11)
  An orc knight (Bailey)
  5 elephants
  An orange demon (Lair:1)
  A cane toad (Lair:1)
  Jeremiah (D:8)
  A rime drake (D:11)
  A komodo dragon (Lair:4)
  3 trolls
  A polar bear (Lair:3)
  7 blink frogs
  2 spectral elephants (Lair:4)
  A shadow (D:10)
  17 yaks
  3 basilisks
  A steam dragon (Lair:2)
  2 vampire mosquitoes (D:10)
  A two-headed ogre zombie (D:11)
  An acid dragon (D:10)
  A spectral troll (D:11)
  8 water moccasins
  2 black bears
  11 orc warriors
  4 ice beasts
  2 blink frog zombies (Lair:4)
  2 ogres (D:11)
  9 wolves
  5 centaurs
  A phantom (D:4)
  2 kobold brigands
  A lemure (D:7)
  11 bullfrogs
  4 scorpions
  2 gnoll sergeants
  3 killer bees (D:9)
  A vampire bat (D:8)
  A bombardier beetle (D:5)
  5 hounds
  2 jellies (D:7)
  5 orc priests
  A gnoll bouda (D:8)
  2 sleepcaps
  4 iguanas
  10 orc wizards
  Robin (D:3)
  24 gnolls
  6 adders
  3 ufetubi
  2 dart slugs
  41 orcs
  3 bat skeletons (D:8)
  2 bat zombies (D:8)
  7 endoplasms
  5 giant cockroaches
  16 goblins
  13 hobgoblins
  2 jackals (D:1)
  31 kobolds
  6 quokkas
  6 ball pythons
  5 bats
  3 frilled lizards
  An orc zombie (D:11)
  3 rats
343 creatures vanquished.

Vanquished Creatures (collateral kills)
  An ogre mage (D:11)
  A hydra (Lair:3)
  2 two-headed ogres (D:11)
  A swamp dragon (Lair:2)
  3 lindwurms (Lair:2)
  A black mamba (Lair:3)
  3 elephants (Lair:2)
  2 cane toads
  A komodo dragon (Lair:3)
  3 polar bears
  3 blink frogs
  2 wyverns (Lair:3)
  12 yaks
  2 steam dragons (Lair:3)
  3 basilisks
  3 nagas (Lair:3)
  2 water moccasins (Lair:3)
  A black bear (Lair:3)
  4 wolves
  A centaur (D:11)
  4 bullfrogs
  A killer bee (D:9)
  A howler monkey (D:11)
  An electric eel (Lair:3)
  An orc priest (D:11)
  2 gnolls (D:4)
  8 orcs (D:11)
69 creatures vanquished.

Vanquished Creatures (others)
  A spectral skyshark (Lair:3)
  A hydra zombie (Lair:3)
  A boulder beetle zombie (D:11)
  A spectral fire crab (Lair:3)
  A black mamba zombie (Lair:3)
  2 two-headed ogre zombies (D:11)
  A cane toad zombie (Lair:2)
  4 blink frog zombies
  2 elephant zombies (Lair:2)
  A rime drake zombie (D:11)
  A komodo dragon zombie (Lair:4)
  A wyvern zombie (Lair:3)
  2 polar bear zombies
  3 water moccasin zombies
  A troll zombie (D:11)
  7 yak zombies (Lair:3)
  7 wolf zombies
  4 basilisk zombies
  9 bullfrog zombies
  2 centaur zombies (D:11)
  2 killer bee zombies (D:9)
  An ice beast zombie (D:11)
  A naga zombie (Lair:3)
  An ogre zombie (D:11)
  A howler monkey zombie (D:11)
  A kobold zombie (D:9)
  17 orc zombies (D:11)
76 creatures vanquished.

Grand Total: 488 creatures vanquished

Notes
Turn   | Place    | Note
-------+----------+-------------------------------------------
     0 | D:1      | Ge0ff the Mummy Reaver began the quest for the Orb.
     0 | D:1      | Reached XP level 1. HP: 16/16 MP: 4/4
   345 | D:1      | Reached XP level 2. HP: 17/23 MP: 5/5
  1161 | D:2      | Reached XP level 3. HP: 13/28 MP: 7/7
  1286 | D:2      | Found a faded altar of an unknown god.
  1355 | D:2      | Reached skill level 1 in Short Blades
  1798 | D:2      | Reached skill level 3 in Fighting
  1922 | D:3      | Reached XP level 4. HP: 35/35 MP: 8/8
  1970 | D:3      | Noticed Robin
  1995 | D:3      | Killed Robin
  2663 | D:3      | Reached XP level 5. HP: 40/41 MP: 9/9
  2673 | D:3      | Found a hazy altar of Hepliaklqana.
  3192 | D:4      | Reached skill level 4 in Fighting
  3268 | D:4      | Reached XP level 6. HP: 48/48 MP: 10/10
  4309 | D:4      | Reached XP level 7. HP: 55/55 MP: 11/11
  4495 | D:5      | Entered Level 5 of the Dungeon
  4519 | D:5      | Reached skill level 5 in Fighting
  4519 | D:5      | Reached skill level 1 in Shields
  4553 | D:5      | Reached skill level 5 in Short Blades
  4561 | D:5      | Found an iron altar of Okawaru.
  5024 | D:5      | Reached XP level 8. HP: 36/62 MP: 12/12
  6046 | D:5      | Found a sparkling altar of Nemelex Xobeh.
  7335 | D:6      | Found a staircase to the Ecumenical Temple.
  7344 | Temple   | Entered the Ecumenical Temple
  8014 | D:7      | Found a flagged portal.
  8103 | Bailey   | Entered a bailey
  8139 | Bailey   | Noticed an orc knight
  8216 | Bailey   | Reached XP level 9. HP: 42/68 MP: 13/13
  8405 | Bailey   | Reached skill level 1 in Armour
  8657 | Bailey   | Identified the +1 dagger of Saruxav {spect, Will++ Int-4
                  | Dex+6}
  8750 | Bailey   | Killed an orc knight
  8948 | Bailey   | Identified the +2 pair of boots of Urahot {Harm rN+ Str-5}
  9171 | D:7      | Reached skill level 6 in Fighting
  9260 | D:7      | Reached skill level 5 in Shields
  9362 | D:7      | Noticed a boulder beetle
  9508 | D:7      | Banished a boulder beetle
  9509 | D:7      | Reached XP level 10. HP: 49/77 MP: 14/14
  9595 | D:7      | Noticed Menkaure
  9599 | D:7      | Banished Menkaure
  9930 | D:7      | Found a stormy altar of Qazlal.
 10007 | D:7      | Noticed Pikel
 10016 | D:7      | Banished Pikel
 10156 | D:7      | Found an ornate altar of the Wu Jian Council.
 10462 | D:8      | Reached skill level 7 in Fighting
 10502 | D:8      | Found an ancient bone altar of Kikubaaqudgha.
 10920 | D:8      | Reached skill level 1 in Throwing
 11121 | D:8      | Noticed Jeremiah
 11138 | D:8      | Killed Jeremiah
 11139 | D:8      | Reached skill level 10 in Short Blades
 11280 | D:9      | Found a basalt altar of Yredelemnul.
 11283 | D:9      | Found a shimmering altar of Xom.
 11287 | D:9      | Became a worshipper of Yredelemnul the Dark
 11289 | D:9      | Found a shadowy altar of Dithmenos.
 11292 | D:9      | Found a radiant altar of Vehumet.
 11307 | D:9      | Reached * piety under Yredelemnul
 11503 | D:9      | Reached ** piety under Yredelemnul
 11504 | D:9      | Reached skill level 1 in Invocations
 11511 | D:9      | Reached *** piety under Yredelemnul
 11512 | D:9      | Reached XP level 11. HP: 60/86 MP: 15/15
 11666 | D:9      | Reached skill level 8 in Fighting
 11666 | D:9      | Reached skill level 5 in Armour
 11678 | D:9      | Reached **** piety under Yredelemnul
 12144 | D:10     | Entered Level 10 of the Dungeon
 12795 | D:11     | Noticed a boulder beetle
 12916 | D:11     | Killed a boulder beetle
 13127 | D:11     | Noticed a two-headed ogre
 13134 | D:11     | Noticed a two-headed ogre
 13137 | D:11     | Noticed a two-headed ogre
 13139 | D:11     | Noticed a two-headed ogre
 13159 | D:11     | Killed a two-headed ogre
 13160 | D:11     | Reached skill level 9 in Fighting
 13164 | D:11     | Killed a two-headed ogre
 13173 | D:11     | Killed a two-headed ogre
 13173 | D:11     | Killed a two-headed ogre
 13174 | D:11     | Reached skill level 5 in Invocations
 13320 | D:11     | Found a staircase to the Orcish Mines.
 13362 | D:11     | Reached skill level 10 in Fighting
 13586 | D:11     | Noticed a two-headed ogre
 13586 | D:11     | Noticed a two-headed ogre
 13587 | D:11     | Found a staircase to the Lair.
 13596 | D:11     | Killed a two-headed ogre
 13607 | D:11     | Killed a two-headed ogre
 13628 | D:11     | Reached XP level 12. HP: 58/97 MP: 17/17
 13663 | D:11     | Noticed a two-headed ogre
 13668 | D:11     | Noticed a two-headed ogre
 13672 | D:11     | Noticed an ogre mage
 13673 | D:11     | Killed a two-headed ogre
 13673 | D:11     | Reached ***** piety under Yredelemnul
 13683 | D:11     | Killed a two-headed ogre
 13692 | D:11     | Killed an ogre mage
 14004 | D:11     | Found Laogucof's Antique Weapon Shoppe.
 14421 | D:11     | Noticed an angel
 14442 | Lair:1   | Entered Level 1 of the Lair of Beasts
 14442 | Lair:1   | Found a shimmering altar of Xom.
 14566 | Lair:1   | Reached skill level 1 in Evocations
 14831 | Lair:1   | Noticed Amaemon
 14850 | Lair:1   | Killed Amaemon
 15556 | Lair:2   | Identified the +7 shortbow "Ishroila" {antimagic, ^Fragile
                  | rPois rC- Str+8}
 15882 | Lair:2   | Found a staircase to the Swamp.
 16105 | Lair:2   | Reached ****** piety under Yredelemnul
 16291 | Lair:2   | Gained mutation: You are strongly in touch with the powers
                  | of death. [Mummy growth]
 16291 | Lair:2   | Reached XP level 13. HP: 63/105 MP: 20/20
 16931 | Lair:3   | Reached skill level 11 in Fighting
 17312 | Lair:3   | Found a staircase to the Snake Pit.
 17511 | Lair:3   | Reached skill level 10 in Invocations
 17855 | Lair:3   | Reached skill level 5 in Dodging
 18452 | Lair:4   | Slain by a skyshark

Illustrated notes

Levels and vault maps discovered:
D:1:      mainiacjoe_arrival_reflecting_pool, layout_basic
D:2:      layout_loops_cross, chequers_ecumenical_altar_grove,
          skrybe_limestone_x, kennysheep_cross_bottleneck
D:3:      layout_basic, mainiacjoe_overflow_surrounded_room, uniq_robin
D:4:      layout_basic
D:5:      layout_basic, mainiacjoe_overflow_brackets, nemelex_spade_bored_becter
D:6:      layout_gridville, minmay_temple_entry_trees
D:7:      layout_cave_pods, nicolae_wu_jian_glorious_leap,
          nicolae_qazlal_scattered_showers, enter_bailey_7, hex_medium,
          uniq_menkaure, uniq_pikel
D:8:      layout_loops_ring, kennysheep_vampire_church, uniq_jeremiah
D:9:      layout_small_grid, nicolae_overflow_macrodata_refinement
D:10:     layout_cave_pools, tso_altar
D:11:     layout_roguey, hellmonk_lair_entry_icy, hiddenorc2_lemuel,
          serial_shops, shop, minivault_25_ag, zin_angel
Temple:   nicolae_temple_ecumenical_triangle
Lair:1:   layout_layer_cave, basic_altar, uniq_amaemon
Lair:2:   layout_roguey, minmay_swamp_entry_reptiles, nicolae_lair_lindhole
Lair:3:   layout_cave_shapes, guppyfry_snake_entry_island,
          nicolae_lair_lakeside_cave, grunt_megastairs_4
Lair:4:   hellmonk_ruined_rings, layout_hall_layers, slime_entry_1,
          columned_hall_lemuel, serial_bayou_shore_a, lemuel_fruit_fields

Skill      XL: |  1  2  3  4  5  6  7  8  9 10 11 12 13 |
---------------+----------------------------------------+-----
Polearms       | 3 |  3.0
Short Blades   | 1 2 3 4 5 7 8 10 | 10.0
Fighting       | 3 4 5 6 7 10 11 | 11.8
Shields        | 2 4 5 6 |  6.1
Armour         | 3 4 5 6 7 |  7.0
Dodging        | 2 3 5 |  5.0
Throwing       | 2 |  2.0
Invocations    | 1 7 9 10 | 10.5
Evocations     | 3 |  3.0
Spellcasting   | |  2.6
Conjurations   | |  2.4

Action                     |  1- 3 |  4- 6 |  7- 9 | 10-12 | 13-15 || total
---------------------------+-------+-------+-------+-------+-------++-------
  Melee: Spear             |    57 |       |       |       |       ||    57
         Short sword       |    76 |   180 |   443 |   628 |   168 ||  1495
         Hand axe          |    22 |       |       |       |       ||    22
         Punch             |     1 |     4 |       |       |       ||     5
  Throw: Stone             |       |     1 |    12 |       |       ||    13
         Dart              |       |       |    23 |       |       ||    23
         Boomerang         |       |       |    18 |    13 |       ||    31
 Invoke: Bind Soul         |       |       |       |     1 |     1 ||     2
  Evoke: Wand              |       |     6 |       |     2 |     3 ||    11
         Phantom mirror    |       |       |       |       |     1 ||     1
    Use: Scroll            |     3 |     7 |     1 |     2 |     6 ||    19
   Stab: Distracted        |       |       |       |     7 |     6 ||    13
 Armour: Leather armour    |    76 |    89 |       |       |       ||   165
         Ring mail         |       |     9 |   125 |       |       ||   134
         Chain mail        |       |       |    94 |   321 |   120 ||   535
  Dodge: Dodged            |    97 |    71 |   101 |   129 |    37 ||   435
  Block: Buckler           |       |     4 |    72 |   100 |       ||   176
         Kite shield       |       |       |       |    72 |    60 ||   132

Table legend: (Time is in decaauts)
 A = Elapsed time spent in this place.
 B = Non-inter-level travel time spent in this place.
 C = Inter-level travel time spent in this place.
 D = Time resting spent in this place.
 E = Time spent auto-exploring this place.
 F = Levels seen in this place.
 G = Mean time per level.
                   A        B        C        D        E       F      G
               +--------+--------+--------+--------+--------+-----+--------+
         Total |  17982 |  17175 |    807 |   1268 |  12070 |  17 | 1057.8 |
       Dungeon |  13191 |  12473 |    718 |    612 |   9253 |  11 | 1199.2 |
        Temple |      9 |      9 |      0 |      0 |      0 |   1 |    9.0 |
          Lair |   3896 |   3808 |     88 |    390 |   2582 |   4 |  974.0 |
        Bailey |    885 |    885 |      0 |    266 |    235 |   1 |  885.0 |
               +--------+--------+--------+--------+--------+-----+--------+

Top non-repeatable levels by time:
     D:5: 1772 daAuts
     D:4: 1757 daAuts
    D:11: 1610 daAuts
     D:6: 1538 daAuts
  Lair:2: 1484 daAuts
     D:7: 1144 daAuts
  Lair:3: 1142 daAuts
     D:1: 1052 daAuts
     D:3: 985 daAuts
     D:8: 981 daAuts
  Lair:1: 918 daAuts
     D:2: 904 daAuts
  Bailey: 885 daAuts
     D:9: 865 daAuts
    D:10: 579 daAuts
